 Dungeon Crawl Stone Soup version 0.23.2-40-g277498a001 (webtiles) character file.

Game seed: 18008387884085608791

100 MrTry the Shield-Bearer (level 4, 0/29 HPs)
             Began as a Gargoyle Fighter on Aug 21, 2019.
             Slain by an ogre
             ... wielding a +0 giant club
              (16 damage)
             ... on level 2 of the Dungeon.
             The game lasted 00:09:40 (1681 turns).

MrTry the Shield-Bearer (Gargoyle Fighter)          Turns: 1681, Time: 00:09:40

Health: 0/29       AC: 10    Str: 21    XL:     4   Next: 74%
Magic:  4/4        EV:  7    Int:  8    God:
Gold:   113        SH:  9    Dex:  9    Spells: 3/3 levels left

rFire    . . .     SeeInvis .   a - +1 flail
rCold    . . .     Gourm    .   c - +0 shield
rNeg     + . .     Faith    .   b - +0 scale mail
rPois    ∞         Spirit   .   (no helmet)
rElec    +         Reflect  .   (no cloak)
rCorr    .         Harm     .   (no gloves)
MR       .....                  (no boots)
Stlth    ..........             (no amulet)
HPRegen  0.09/turn              (no ring)
MPRegen  0.09/turn              (no ring)

@: no status effects
A: negative energy resistance 1, electricity resistance, unbreathing,
petrification resistance, rot immunity, AC +3
a: no special abilities


You were on level 2 of the Dungeon.
You were hungry.

You visited 1 branch of the dungeon, and saw 2 of its levels.

You collected 113 gold pieces.

Inventory:

Hand Weapons
 a - a +1 flail (weapon)
 k - a +0 hunting sling
 n - a +0 dagger of venom
Missiles
 g - 79 stones (quivered)
Armour
 b - a +0 scale mail (worn)
 c - a +0 shield (worn)
 h - a +0 scale mail
 l - a +0 helmet
Jewellery
 e - an uncursed amulet of regeneration {unknown}
 p - an uncursed amulet of harm {unknown}
Scrolls
 j - 3 scrolls of enchant weapon
Potions
 d - a potion of might
 i - a potion of resistance {unknown}
 m - a potion of agility {unknown}
 o - a potion of lignification {unknown}
Comestibles
 f - 2 rations


   Skills:
 + Level 3.8 Fighting
 + Level 2.8 Maces & Flails
 + Level 3.9 Armour
 + Level 0.7 Dodging
 + Level 4.1 Shields


You had 3 spell levels left.
You didn't know any spells.
Your spell library was empty.

Dungeon Overview and Level Annotations

Branches:
Dungeon (2/15)

Altars:


Innate Abilities, Weirdness & Mutations

You are resistant to torment.
Your stone body is resilient. (AC +3)
You are immune to poison.
You resist negative energy. (rN+)
You are resistant to electric shocks. (rElec)
You can survive without breathing.
You are immune to petrification.
You are immune to rotting.


Message History

Jessica is moderately wounded.
Jessica hits you but does no damage.
You sock Jessica!
You kill Jessica!
Things that are here:
a +0 dagger of venom; a +0 robe; the human corpse of Jessica
n - a +0 dagger of venom
There is an open door here.
An ogre comes into view. It is wielding a +0 giant club.
You sock the ogre!
The ogre is moderately wounded.
You block the ogre's attack. The ogre hits you with a +0 giant club.
You hit the ogre.
The ogre is severely wounded.
The ogre hits you with a +0 giant club!
You hit the ogre.
The ogre is almost dead.
The ogre hits you with a +0 giant club!
Ouch! That really hurt!
You die...

#.#........# ####..#.###
#.#.#####..# .# #.......
#.#.#.#.#.## . ##'##....
#.#.#[..#.###. ##...#####
####.#...#.#..... ##.....##
##.##.))#...#....## ##.......##
#...##).#.#.#.#...####.........##
.......)#####........'.........'.
#...##........#O@.####.........##
##.###.####.#....## ##.......##
.........# ###.## ##.[...##
.##.##.#.# #. ##...## . #.##.#.#
.. ##'## #.##.#.# #.. #.#
#....#.# .#. #######.# #..###.#
.##. ........## #......#
######...##


You could see an ogre.

Vanquished Creatures
  An orc wizard (D:2)
  Jessica (D:2)
  An adder (D:2)
  A worm (D:2)
  2 leopard geckos (D:2)
  2 orcs (D:2)
  2 ball pythons (D:1)
  2 bats (D:1)
  3 hobgoblins (D:2)
  A quokka (D:2)
  2 frilled lizards (D:2)
  4 goblins
  7 kobolds
  3 rats (D:1)
32 creatures vanquished.

Notes
Turn   | Place    | Note
-------+----------+-------------------------------------------
     0 | D:1      | MrTry the Gargoyle Fighter began the quest for the Orb.
     0 | D:1      | Reached XP level 1. HP: 14/14 MP: 1/1
   420 | D:1      | Reached XP level 2. HP: 19/19 MP: 2/2
  1324 | D:2      | Reached XP level 3. HP: 16/24 MP: 3/3
  1499 | D:2      | Reached XP level 4. HP: 29/29 MP: 4/4
  1556 | D:2      | Reached skill level 4 in Shields
  1651 | D:2      | Noticed Jessica
  1663 | D:2      | Killed Jessica
  1675 | D:2      | Noticed an ogre
  1681 | D:2      | Slain by an ogre

Skill      XL: |  1  2  3  4 |
---------------+-------------+-----
Shields        | 4 |  4.1
Fighting       | |  3.8
Maces & Flails | |  2.8
Armour         | |  3.9
Dodging        | |  0.7

Action                   |  1- 3 |  4- 6 || total
-------------------------+-------+-------++-------
Melee: Flail             |    86 |    23 ||   109
 Fire: Hunting sling     |     3 |       ||     3
Throw: Stone             |     2 |       ||     2
  Use: Scroll            |     3 |     2 ||     5
  Eat: Chunk             |     2 |       ||     2
Armor: Scale mail        |    51 |     5 ||    56
Dodge: Dodged            |    25 |     3 ||    28
Block: Shield            |    46 |     8 ||    54
